 Dungeon Crawl Stone Soup version 0.24.0-1-gfbc8707 (webtiles) character file.

Game seed: 16187704164146817559, levelgen mode: deterministic

590 Fang the Skirmisher (level 7, 0/44 HPs)
             Began as a Gargoyle Berserker on Nov 1, 2019.
             Was a Priest of Trog.
             Killed from afar by an orc wizard (9 damage)
             ... with a magic dart
             ... on level 4 of the Dungeon.
             The game lasted 00:03:13 (4158 turns).

Fang the Skirmisher (Gargoyle Berserker)            Turns: 4158, Time: 00:03:14

Health: 0/44       AC: 10    Str: 22    XL:     7   Next: 38%
Magic:  7/7        EV: 18    Int:  8    God:    Trog [***...]
Gold:   237        SH:  0    Dex:  9    Spells: 6/6 levels left

rFire    . . .     SeeInvis .   a - +0 hand axe
rCold    + . .     Gourm    .   (no shield)
rNeg     + . .     Faith    .   b - +0 animal skin
rPois    ∞         Spirit   .   (no helmet)
rElec    +         Reflect  .   z - +2 cloak
rCorr    .         Harm     .   (no gloves)
MR       .....                  (no boots)
Stlth    +.........             (no amulet)
HPRegen  0.14/turn              i - ring of protection from cold
MPRegen  0.10/turn              m - +5 ring of evasion

@: berserk cooldown, starving, slowed, very slow
A: negative energy resistance 1, electricity resistance, unbreathing,
petrification resistance, rot immunity, AC +4
a: Berserk, Trog's Hand, Renounce Religion


You were on level 4 of the Dungeon.
You worshipped Trog.
Trog was most pleased with you.
You were starving.

You visited 1 branch of the dungeon, and saw 4 of its levels.
You also visited: Ossuary.

You collected 237 gold pieces.

Inventory:

Hand Weapons
 a - a +0 hand axe (weapon)
Armour
 b - a +0 animal skin (worn)
 z - a +2 cloak (worn)
Jewellery
 i - a ring of protection from cold (left hand)
 m - a +5 ring of evasion (right hand)
Scrolls
 d - 3 scrolls of remove curse {unknown}
 f - a scroll of fear {unknown}
 g - 2 scrolls of enchant weapon {unknown}
 k - a scroll of fog {unknown}
 n - 2 scrolls of enchant armour {unknown}
 q - 8 scrolls of identify {unknown}
 r - a scroll of immolation {unknown}
 s - a scroll of blinking {unknown}
 t - 2 scrolls of teleportation {unknown}
 y - 2 scrolls of amnesia {unknown}
Potions
 e - a potion of might {unknown}
 h - 3 potions of haste
 j - 5 potions of mutation {unknown}
 l - a potion of agility {unknown}
 o - 3 potions of heal wounds {unknown}
 p - 2 potions of flight {unknown}
 u - 4 potions of curing {unknown}
 v - 2 potions of ambrosia {unknown}
 w - 3 potions of lignification {unknown}
 x - a potion of resistance {unknown}
Comestibles
 c - 7 rations


   Skills:
 + Level 5.3 Fighting
 + Level 4.3 Axes
 + Level 4.6 Armour
 + Level 3.5 Dodging


You had 6 spell levels left.
You didn't know any spells.
Your spell library was empty.

Dungeon Overview and Level Annotations

Branches:
Dungeon (4/15)            Ossuary (visited)
 Temple: D:4-7

Altars:


Innate Abilities, Weirdness & Mutations

You are resistant to torment.
Your stone body is resilient. (AC +4)
You are immune to poison.
You resist negative energy. (rN+)
You are resistant to electric shocks. (rElec)
You can survive without breathing.
You are immune to petrification.
You are immune to rotting.


Message History

The orc wizard is almost dead.
The orc wizard misses you.
The orc wizard casts a spell.
The orc wizard blinks!
The orc wizard hits you but does no damage.
You hit the orc wizard.
You kill the orc wizard!
Trog accepts your kill.
Trog appreciates your killing of a magic user.
You are no longer berserk.
You are exhausted.
You feel as though you will be slow longer.
You swing at nothing.
You swing at nothing.
You are starving!
You swing at nothing.
You swing at nothing.
The orc wizard gestures at you while chanting.
The magic dart hits you!
You die...

####...........
...............
######.#.......
.............. .
######.#..##########+#.#
# #....# #.....$...# #
##...# #.........# #
#...####.........# #
###......#.[@o.....# #
............)))......#
.............#........
......#.......#........
......#.......#........
......#.......#........
......#.....###........
... #.....# #........
..>.... +........


You could see an orc wizard.

Vanquished Creatures
  3 water moccasin zombies (Ossuary)
  A hound (D:4)
  An orc wizard (D:4)
  A bullfrog skeleton (D:4)
  A worker ant (D:4)
  A big kobold zombie (Ossuary)
  A hound skeleton (D:4)
  3 mummies
  Robin (D:3)
  3 gnolls (D:3)
  7 adders
  2 oozes (D:3)
  7 adder zombies (Ossuary)
  A worm (D:3)
  A dart slug (D:2)
  4 leopard geckos
  9 orcs
  A ball python (D:3)
  6 giant cockroaches
  3 gnoll zombies (Ossuary)
  12 goblins
  10 hobgoblins
  2 jackals (D:3)
  A quokka (D:2)
  5 bats
  A frilled lizard (D:1)
  7 hobgoblin zombies
  5 kobolds
  8 kobold zombies
  2 orc zombies (Ossuary)
  3 rats
113 creatures vanquished.

Notes
Turn   | Place    | Note
-------+----------+-------------------------------------------
     0 | D:1      | Fang the Gargoyle Berserker began the quest for the Orb.
     0 | D:1      | Reached XP level 1. HP: 14/14 MP: 1/1
   410 | D:1      | You fall into a shaft and drop 1 floor!
   453 | D:2      | Reached XP level 2. HP: 3/19 MP: 2/2
   914 | D:2      | Reached XP level 3. HP: 10/23 MP: 3/3
  1555 | D:3      | Reached XP level 4. HP: 20/29 MP: 4/4
  1572 | D:3      | Reached skill level 4 in Fighting
  1756 | D:3      | Reached ** piety under Trog
  1955 | D:3      | Noticed Robin
  1966 | D:3      | Reached XP level 5. HP: 33/33 MP: 5/5
  1985 | D:3      | Killed Robin
  3171 | D:4      | Reached XP level 6. HP: 4/39 MP: 6/6
  3242 | D:4      | Found a sand-covered staircase.
  3244 | D:4      | HP: 1/39 [mummy (3)]
  3251 | Ossuary  | Entered an ossuary
  3544 | Ossuary  | Reached *** piety under Trog
  3586 | Ossuary  | Reached skill level 5 in Fighting
  3873 | Ossuary  | Reached XP level 7. HP: 40/44 MP: 7/7
  4158 | D:4      | Killed from afar by an orc wizard

Levels and vault maps discovered:
D:1:      nzn_arrival_crosshair, layout_loops_ring
D:2:      layout_loops_ring
D:3:      layout_basic, minmay_randomly_rotated_circles, uniq_robin
D:4:      layout_basic, nicolae_ossuary_entry_giza, serial_shops,
          kennysheep_mini_moat, portal_sewer_entry_f

Skill      XL: |  1  2  3  4  5  6 |
---------------+-------------------+-----
Axes           | 3 4 |  4.3
Dodging        | 2 3 |  3.5
Armour         | 3 4 |  4.6
Fighting       | 4 5 |  5.3

Action                   |  1- 3 |  4- 6 |  7- 9 || total
-------------------------+-------+-------+-------++-------
Melee: Hand axe          |    81 |   296 |    57 ||   434
Invok: Berserk           |     2 |     3 |     2 ||     7
  Eat: Chunk             |     2 |     9 |     1 ||    12
       Ration            |       |     1 |       ||     1
Armor: Animal skin       |    27 |    72 |    34 ||   133
Dodge: Dodged            |    89 |   347 |    83 ||   519
